[Event "Titled Tuesday Blitz July 4 Late 2023"]
[White "Kanyamarala, Trisha"]
[Black "AdvanceGuard4"]
[WhiteFideId "45004722"]
[WhiteElo "2365"]
[BlackElo "2529"]
[Result "0-1"]
[Round "6"]
[TimeControl "180+2"]
[Date "2023.07.04"]
[WhiteClock "0:00:00"]
[BlackClock "0:00:04"]
[Board "98"]

1. c4 Nf6 2. Nc3 g6 3. g3 Bg7 4. Bg2 O-O 5. e4 d6 6. Nge2 e5 7. O-O Nc6 8. f4 Nd4 9. d3 c5 10. Be3 Bg4 11. Qd2 Qd7 12. fxe5 dxe5 13. Bg5 Nxe2+ 14. Nxe2 Ne8 15. Nc3 f6 16. Be3 b6 17. Nd5 Be6 18. Bh6 Nc7 19. Rf2 Bxd5 20. cxd5 Bxh6 21. Qxh6 Ne8 22. Bh3 Qg7 23. Be6+ Kh8 24. Qe3 Nd6 25. Rc1 f5 26. b4 cxb4 27. Rc6 Nb5 28. exf5 Nd4 29. Rd6 gxf5 30. Rd7 Qf6 31. Qc1 Rac8 32. Qd1 Rcd8 33. Rxa7 Nxe6 34. dxe6 Qxe6 35. Qh5 Qg6 36. Qe2 Rfe8 37. Rf1 f4 38. Qg2 Rxd3 39. Rc1 f3 40. Qf2 e4 41. Rcc7 Rd1+ 42. Qf1 Rxf1+ 43. Kxf1 e3 0-1


[Site "https://www.chess.com"]

[Event "Titled Tuesday Blitz July 4 Late 2023"]
[White "Moral Garcia, Serafin"]
[Black "Seletsky, Grigory"]
[WhiteFideId "2201925"]
[BlackFideId "14112191"]
[WhiteElo "2519"]
[BlackElo "2357"]
[Result "1-0"]
[Round "6"]
[TimeControl "180+2"]
[Date "2023.07.04"]
[WhiteClock "0:00:49"]
[BlackClock "0:00:00"]
[Board "99"]

1. c4 c6 2. e4 d5 3. exd5 cxd5 4. d4 Nf6 5. Nc3 Nc6 6. Bg5 Be6 7. Be2 h6 8. Bxf6 exf6 9. Bf3 Bb4 10. Ne2 O-O 11. O-O Ne7 12. Qb3 Bxc3 13. bxc3 dxc4 14. Qxb7 Bd5 15. Bxd5 Nxd5 16. Qb5 Re8 17. Qxc4 Rc8 18. Qd3 Qe7 19. Ng3 Rxc3 20. Qd2 Qd7 21. Rfe1 Rxe1+ 22. Rxe1 Rc6 23. h3 Re6 24. Rc1 Rc6 25. Rc5 Nb6 26. Qc2 Rxc5 27. dxc5 Qc7 28. Nf5 Nd7 29. c6 Nb8 30. Qc5 g6 31. Nd4 Kg7 32. g3 h5 33. h4 a6 34. a4 1-0


[Site "https://www.chess.com"]

[Event "Titled Tuesday Blitz July 4 Late 2023"]
[White "Bazilius, Augustinas"]
[Black "Hajiyev, Kanan"]
[WhiteFideId "12832251"]
[BlackFideId "13404148"]
[WhiteElo "2362"]
[BlackElo "2516"]
[Result "1-0"]
[Round "6"]
[TimeControl "180+2"]
[Date "2023.07.04"]
[WhiteClock "0:00:07"]
[BlackClock "0:00:06"]
[Board "100"]

1. d4 Nf6 2. c4 e6 3. Nf3 Bb4+ 4. Bd2 Bxd2+ 5. Qxd2 O-O 6. g3 b6 7. Bg2 Bb7 8. Nc3 d6 9. O-O Nbd7 10. Qc2 Re8 11. e4 e5 12. Rfe1 Ba6 13. b3 Qe7 14. Nd5 Qd8 15. Rad1 c6 16. Nxf6+ Qxf6 17. dxe5 Nxe5 18. Nxe5 dxe5 19. Rd7 Bc8 20. Rd3 Bg4 21. f3 Be6 22. Red1 h5 23. Rd6 c5 24. Qd3 h4 25. Kf2 Qg5 26. Qd2 Qxd2+ 27. R1xd2 hxg3+ 28. hxg3 Kf8 29. f4 f6 30. f5 Bc8 31. g4 Rb8 32. R6d5 Ke7 33. Kg3 Rb7 34. a4 Rc7 35. Rd6 Rd7 36. Rxd7+ Bxd7 37. Bf3 Bc6 38. g5 fxg5 39. Kg4 Rh8 40. Kxg5 Be8 41. Bg4 Rh1 42. Rd5 Rb1 43. Rxe5+ Kf8 44. f6 gxf6+ 45. Kxf6 Rxb3 46. Rg5 Rc3 47. Be6 Rf3+ 48. Bf5 Bf7 49. e5 Bxc4 50. e6 Re3 51. Rh5 Bxe6 52. Bxe6 Rf3+ 53. Rf5 Rxf5+ 54. Kxf5 Ke8 55. Ke5 Kd8 56. Bc4 Kc7 57. Kd5 Kb7 58. Kd6 a6 59. Bd5+ Ka7 60. Kc6 b5 61. a5 c4 62. Kc5 Kb8 63. Be4 Kc7 64. Kb4 Kd6 65. Bb7 Ke5 66. Bxa6 Kd4 67. Bxb5 c3 68. Ba4 Kd3 69. a6 Kd2 70. a7 Kc1 71. Kxc3 Kb1 72. a8=Q Kc1 73. Qh1# 1-0


[Site "https://www.chess.com"]

[Event "Titled Tuesday Blitz July 4 Late 2023"]
[White "Zhou, Qiyu"]
[Black "lagarto93"]
[WhiteFideId "505161"]
[WhiteElo "2355"]
[BlackElo "2497"]
[Result "0-1"]
[Round "6"]
[TimeControl "180+2"]
[Date "2023.07.04"]
[WhiteClock "0:00:01"]
[BlackClock "0:01:06"]
[Board "101"]

1. e4 e6 2. d4 d5 3. Nc3 Nf6 4. e5 Nfd7 5. f4 c5 6. Nf3 Nc6 7. Be3 cxd4 8. Nxd4 Bc5 9. Qd2 O-O 10. O-O-O a6 11. Kb1 Nxd4 12. Bxd4 b5 13. g4 Bb7 14. Bg2 Rc8 15. Ne2 Qe7 16. Ng3 Bxd4 17. Qxd4 Rc4 18. Qf2 Rfc8 19. Rd2 Qb4 20. Rf1 Nc5 21. a3 Qa5 22. Rd4 b4 23. Rxc4 dxc4 24. Bxb7 Nxb7 25. axb4 Qxb4 26. c3 Qb5 27. Rd1 Nc5 28. Qd4 Nd3 29. Rd2 a5 30. Ne4 Qc6 31. f5 a4 32. Nf2 Qg2 33. f6 a3 34. bxa3 Qf1+ 35. Nd1 Rb8+ 36. Ka2 Nc1+ 0-1


[Site "https://www.chess.com"]

[Event "Titled Tuesday Blitz July 4 Late 2023"]
[White "Eggleston, Thomas A"]
[Black "Deng, Henry"]
[WhiteFideId "412139"]
[BlackFideId "30965454"]
[WhiteElo "2354"]
[BlackElo "2489"]
[Result "0-1"]
[Round "6"]
[TimeControl "180+2"]
[Date "2023.07.04"]
[WhiteClock "0:01:39"]
[BlackClock "0:01:18"]
[Board "102"]

1. e4 c5 2. Nf3 e6 3. g3 d5 4. e5 Nc6 5. Bg2 Qc7 6. Qe2 Nge7 7. c3 Ng6 8. d4 cxd4 9. O-O dxc3 10. Nxc3 Ngxe5 11. Bf4 Nxf3+ 12. Bxf3 Qe7 13. Nb5 e5 14. Bxd5 exf4 15. Nd6+ Kd7 16. Qg4+ Kxd6 17. Qxf4+ Qe5 18. Qxf7 Qf5 19. Rad1 Qxf7 20. Bxf7+ Kc7 21. Rfe1 Bd6 0-1


[Site "https://www.chess.com"]

[Event "Titled Tuesday Blitz July 4 Late 2023"]
[White "Zherebtsova, Alexandra"]
[Black "Zhang, Derek"]
[WhiteFideId "24129518"]
[BlackFideId "2087871"]
[WhiteElo "2350"]
[BlackElo "2487"]
[Result "0-1"]
[Round "6"]
[TimeControl "180+2"]
[Date "2023.07.04"]
[WhiteClock "0:00:00"]
[BlackClock "0:01:04"]
[Board "103"]

1. d4 d6 2. c4 e5 3. Nf3 e4 4. Ng5 f5 5. h4 Nf6 6. Nc3 h6 7. Nh3 Be6 8. e3 g6 9. Nf4 Bf7 10. Be2 Bg7 11. b3 c6 12. Ba3 Qe7 13. g4 Nbd7 14. gxf5 gxf5 15. Rg1 Rg8 16. h5 O-O-O 17. b4 Ng4 18. b5 c5 19. Ncd5 Bxd5 20. Nxd5 Qf7 21. Qa4 Kb8 22. Rd1 Nb6 23. Qa5 Nxd5 24. cxd5 cxd4 25. Bxg4 fxg4 26. b6 a6 27. Rxg4 dxe3 0-1


[Site "https://www.chess.com"]

[Event "Titled Tuesday Blitz July 4 Late 2023"]
[White "Toniutti, Ezio"]
[Black "Slovineanu, Viacheslav"]
[WhiteFideId "113034"]
[BlackFideId "13900510"]
[WhiteElo "2487"]
[BlackElo "2350"]
[Result "1-0"]
[Round "6"]
[TimeControl "180+2"]
[Date "2023.07.04"]
[WhiteClock "0:01:16"]
[BlackClock "0:00:00"]
[Board "104"]

1. d4 Nf6 2. c4 e6 3. g3 c5 4. d5 exd5 5. cxd5 d6 6. Nc3 g6 7. Nf3 Bg7 8. Bg2 O-O 9. O-O Re8 10. Bf4 h6 11. Re1 g5 12. Bd2 Bf5 13. h4 g4 14. Nh2 Nbd7 15. e4 Bg6 16. Nxg4 h5 17. Nxf6+ Nxf6 18. Bg5 Rb8 19. a4 a6 20. Qf3 b5 21. axb5 axb5 22. Qf4 b4 23. Na4 Qe7 24. b3 Rbd8 25. Rad1 Qe5 26. Qxe5 Rxe5 27. f4 Rxg5 28. hxg5 Ng4 29. Nb6 Bd4+ 30. Rxd4 cxd4 31. Nc4 Ra8 32. f5 Bh7 33. Nxd6 Ra2 34. Bf1 Ne3 35. Nb5 Bxf5 36. exf5 Nxf5 37. d6 Ra8 38. d7 Kg7 39. Re8 1-0


[Site "https://www.chess.com"]

[Event "Titled Tuesday Blitz July 4 Late 2023"]
[White "Yeritsyan, Hayk"]
[Black "Kozelov, Roman"]
[WhiteFideId "13307320"]
[BlackFideId "14133377"]
[WhiteElo "2485"]
[BlackElo "2350"]
[Result "1-0"]
[Round "6"]
[TimeControl "180+2"]
[Date "2023.07.04"]
[WhiteClock "0:02:41"]
[BlackClock "0:02:39"]
[Board "105"]

1. d4 d5 2. Nf3 Nf6 3. e3 e6 4. Bd3 Bd6 5. Nbd2 Nbd7 6. Qe2 c5 7. c3 O-O 8. e4 e5 9. dxe5 Nxe5 10. Nxe5 Bxe5 11. O-O dxe4 12. Nxe4 Nxe4 13. Qxe4 g6 14. Qxe5 Qxd3 15. Bh6 f6 16. Qe7 Qd7 17. Qxf8# 1-0


[Site "https://www.chess.com"]

[Event "Titled Tuesday Blitz July 4 Late 2023"]
[White "Cardozo Munar, Carlos Eduardo"]
[Black "Martinez Reyes, Pedro Ramon"]
[WhiteFideId "4409477"]
[BlackFideId "3901807"]
[WhiteElo "2346"]
[BlackElo "2484"]
[Result "0-1"]
[Round "6"]
[TimeControl "180+2"]
[Date "2023.07.04"]
[WhiteClock "0:00:00"]
[BlackClock "0:01:02"]
[Board "106"]

1. d4 Nf6 2. Bg5 c5 3. d5 Qa5+ 4. c3 Ne4 5. h4 Qb6 6. Qc2 Nxg5 7. hxg5 g6 8. Nd2 d6 9. Ngf3 Bg7 10. e4 e5 11. dxe6 Bxe6 12. Bc4 Nd7 13. O-O-O Bg4 14. Bd5 Qa6 15. Nc4 O-O 16. Kb1 Ne5 17. Nxd6 Nxf3 18. gxf3 Bxf3 19. Qb3 Bxh1 20. Nxf7 Bxe4+ 21. Bxe4 Rxf7 22. Bd5 Rf8 23. a3 Qe2 24. Ka2 Qxf2 25. Qxb7 Kh8 26. Bxf7 Qxf7+ 27. Qxf7 Rxf7 28. Rd8+ Bf8 29. b4 Kg8 30. b5 c4 31. a4 Rf2+ 32. Kb1 Kf7 33. Rd7+ Ke6 34. Rxh7 Bc5 35. Rc7 Kd5 36. Rc6 Rf3 37. Kc2 Rf2+ 38. Kd1 Rf3 39. Kc2 Ba3 40. Rxg6 Rf2+ 41. Kd1 Ke4 42. Rg8 Kd3 43. Rd8+ Kxc3 44. g6 Rg2 45. a5 Bc5 46. b6 axb6 47. a6 b5 48. Rc8 Bd4 49. Rd8 Rxg6 50. Ra8 b4 0-1


[Site "https://www.chess.com"]

[Event "Titled Tuesday Blitz July 4 Late 2023"]
[White "Erzhanov, Arman"]
[Black "The_Straightforward_Rook"]
[WhiteFideId "4138821"]
[WhiteElo "2479"]
[BlackElo "2341"]
[Result "1-0"]
[Round "6"]
[TimeControl "180+2"]
[Date "2023.07.04"]
[WhiteClock "0:00:36"]
[BlackClock "0:00:30"]
[Board "107"]

1. e4 e5 2. Nf3 Nc6 3. Bb5 Nf6 4. O-O Nxe4 5. Re1 Nd6 6. Nxe5 Nxe5 7. Rxe5+ Be7 8. Bf1 O-O 9. d4 Bf6 10. Re1 Re8 11. Rxe8+ Nxe8 12. c3 d5 13. Bf4 c6 14. Bd3 Nd6 15. Nd2 Bf5 16. Bxf5 Nxf5 17. Qg4 g6 18. Re1 Qf8 19. Qe2 h5 20. Nf3 a5 21. h3 a4 22. a3 Nd6 23. Bxd6 Qxd6 24. g3 b5 25. h4 Kg7 26. Kg2 Ra7 27. Qd2 Re7 28. Rxe7 Qxe7 29. Ne1 g5 30. hxg5 Bxg5 31. Qd1 Qe4+ 32. Nf3 Bh6 33. Kg1 f6 34. Nh4 Bg5 35. Ng2 h4 36. gxh4 Bxh4 37. Qh5 Bg5 38. Qd1 Qg6 39. Kf1 Qf5 40. Kg1 Bf4 41. Nxf4 Qxf4 42. Qe2 Qg5+ 43. Kf1 Qc1+ 44. Kg2 Qg5+ 45. Kh3 Qf5+ 46. Qg4+ Qxg4+ 47. Kxg4 Kg6 48. Kf4 f5 49. Ke5 Kg5 50. Kd6 Kf4 51. Kxc6 Kf3 52. Kxd5 1-0


[Site "https://www.chess.com"]

[Event "Titled Tuesday Blitz July 4 Late 2023"]
[White "Gomez Barrera, Javiera Belen"]
[Black "Shapiro, Daniel"]
[WhiteFideId "3418723"]
[BlackFideId "2001780"]
[WhiteElo "2468"]
[BlackElo "2340"]
[Result "1-0"]
[Round "6"]
[TimeControl "180+2"]
[Date "2023.07.04"]
[WhiteClock "0:01:56"]
[BlackClock "0:00:05"]
[Board "108"]

1. e4 e5 2. Nf3 Nc6 3. Bc4 Be7 4. O-O Nf6 5. Nc3 d6 6. a4 a6 7. a5 O-O 8. d3 h6 9. h3 Be6 10. Nd5 Bxd5 11. Bxd5 Nxd5 12. exd5 Nb8 13. Re1 f5 14. Qe2 Bf6 15. Ra4 Nd7 16. Rb4 Rb8 17. Be3 b5 18. axb6 Nxb6 19. Bxb6 Rxb6 20. Rxb6 cxb6 21. c3 Qd7 22. Nd2 Qb5 23. Nc4 Qxd5 24. Nxb6 Qc6 25. Nc4 Rc8 26. Qf3 e4 27. Qxf5 exd3 28. Qe6+ Kh8 29. Nxd6 d2 30. Rd1 Rc7 31. Rxd2 Re7 32. Qc8+ Qxc8 33. Nxc8 Re1+ 34. Kh2 Be5+ 35. g3 h5 36. Kg2 Rb1 37. Ne7 Bf6 38. Nd5 Be5 39. Re2 Bd6 40. Ne3 Bc5 41. Nc4 Ra1 42. Re5 Ba7 43. Rxh5+ Kg8 44. Ra5 Rxa5 45. Nxa5 1-0


[Site "https://www.chess.com"]

[Event "Titled Tuesday Blitz July 4 Late 2023"]
[White "Lach, Aleksandra"]
[Black "Baches Garcia, Guillermo"]
[WhiteFideId "1134299"]
[BlackFideId "2209764"]
[WhiteElo "2338"]
[BlackElo "2461"]
[Result "0-1"]
[Round "6"]
[TimeControl "180+2"]
[Date "2023.07.04"]
[WhiteClock "0:00:04"]
[BlackClock "0:00:09"]
[Board "109"]

1. Nf3 d5 2. g3 Nf6 3. Bg2 e6 4. d3 Bd6 5. O-O O-O 6. c4 dxc4 7. dxc4 e5 8. Nc3 c6 9. Qc2 h6 10. a3 a5 11. b3 Qe7 12. Bb2 Na6 13. e3 Bg4 14. h3 Bh5 15. Nh4 Nc5 16. Nf5 Qc7 17. Nxd6 Qxd6 18. b4 axb4 19. axb4 Nd3 20. c5 Qd7 21. Kh2 Bg6 22. Rad1 Rfd8 23. e4 Nxb4 24. Qb3 Nd3 25. Na4 Qe6 26. Rxd3 Rxd3 27. Qxd3 Rxa4 28. f3 Ra2 29. Rf2 Nd7 30. Qc3 Qe7 31. Rc2 Ra8 32. f4 f6 33. f5 Bf7 34. Bf1 Rd8 35. Qb4 Nf8 36. Bc4 Rd7 37. Bxf7+ Qxf7 38. Bc1 Qe8 39. Qc4+ Kh7 40. Rd2 Qd8 41. Qc3 Rxd2+ 42. Bxd2 Nd7 43. Be3 Nb8 44. Qb3 Qd7 45. Kg2 Na6 46. Kf3 Qe7 47. Qb6 Qd7 48. Qb3 Qd8 49. Qxb7 Qd1+ 50. Kf2 Qc2+ 51. Kf3 Nxc5 52. Qxc6 Qd1+ 53. Kg2 Nd3 54. Qd5 Qe2+ 55. Kh1 Qxe3 56. g4 Nf2+ 57. Kg1 Nxe4+ 58. Kg2 Qf2+ 59. Kh1 Ng3# 0-1


[Site "https://www.chess.com"]

[Event "Titled Tuesday Blitz July 4 Late 2023"]
[White "Haitin, Ilja"]
[Black "Avila Rodriguez, Joshua Ad"]
[WhiteFideId "4501764"]
[BlackFideId "5126444"]
[WhiteElo "2338"]
[BlackElo "2455"]
[Result "0-1"]
[Round "6"]
[TimeControl "180+2"]
[Date "2023.07.04"]
[WhiteClock "0:00:00"]
[BlackClock "0:00:27"]
[Board "110"]

1. Nf3 d5 2. e3 Nf6 3. b3 c5 4. Bb2 Nc6 5. Bb5 e6 6. Bxc6+ bxc6 7. d3 Bd6 8. Nbd2 Qc7 9. Qe2 O-O 10. O-O Re8 11. e4 e5 12. c4 a5 13. Nb1 a4 14. Nc3 axb3 15. axb3 Rb8 16. Ra3 d4 17. Na4 Bg4 18. h3 Bxf3 19. Qxf3 Rb4 20. Rb1 Reb8 21. Bc1 Nd7 22. Bd2 R4b7 23. Qd1 Bf8 24. g3 Ra7 25. Kg2 Nb6 26. Rba1 Rba8 27. Nxb6 Qxb6 28. Rxa7 Rxa7 29. Rxa7 Qxa7 30. Qb1 Qa3 31. Bc1 Qa5 32. Kf1 h5 33. Ke2 g6 34. Bd2 Qa3 35. Bc1 Qa8 36. Bd2 Qc8 37. Qh1 Qb7 38. Qb1 Kh7 39. Qa2 Qc8 40. h4 Qg4+ 41. Ke1 Qf3 42. Qb1 f5 43. Qd1 Qxd3 44. exf5 Qxf5 45. Qe2 Qb1+ 46. Qd1 Qf5 47. Bg5 Bd6 48. Qa1 Qe4+ 49. Kd2 Qf3 50. Qa7+ Kg8 51. Qd7 Qxf2+ 52. Kd3 Qf5+ 53. Qxf5 gxf5 54. Bd8 e4+ 55. Ke2 Bxg3 56. Be7 d3+ 57. Ke3 Bf4+ 0-1


[Site "https://www.chess.com"]

[Event "Titled Tuesday Blitz July 4 Late 2023"]
[White "Koc, Przemyslaw"]
[Black "Vasques, Antonio Pedro Freixial"]
[WhiteFideId "1109081"]
[BlackFideId "1908332"]
[WhiteElo "2454"]
[BlackElo "2338"]
[Result "1-0"]
[Round "6"]
[TimeControl "180+2"]
[Date "2023.07.04"]
[WhiteClock "0:02:03"]
[BlackClock "0:00:55"]
[Board "111"]

1. Nf3 Nf6 2. g3 d5 3. Bg2 c5 4. O-O Nc6 5. d4 e6 6. c4 dxc4 7. dxc5 Qxd1 8. Rxd1 Bxc5 9. Nbd2 c3 10. bxc3 Ke7 11. Nb3 Bd6 12. c4 Bd7 13. c5 Bc7 14. Bb2 Rad8 15. Nfd4 e5 16. Nb5 Bb8 17. Nd6 Be6 18. Nxb7 Rxd1+ 19. Rxd1 Rc8 20. Nd6 Rd8 21. Bxc6 1-0


[Site "https://www.chess.com"]

[Event "Titled Tuesday Blitz July 4 Late 2023"]
[White "kripri"]
[Black "Miszler, Levente"]
[BlackFideId "763276"]
[WhiteElo "2328"]
[BlackElo "2449"]
[Result "1-0"]
[Round "6"]
[TimeControl "180+2"]
[Date "2023.07.04"]
[WhiteClock "0:01:47"]
[BlackClock "0:02:07"]
[Board "112"]

1. e4 c5 2. Nf3 d6 3. d4 cxd4 4. Nxd4 Nf6 5. Nc3 a6 6. Be3 e5 7. Nf3 Be7 8. Bc4 b5 9. Bd5 Nxd5 10. Qxd5 Qc7 11. Qxa8 Bb7 12. Qa7 Nd7 13. Nd5 Qc8 14. Nxe7 Kxe7 15. O-O-O Qc6 16. Bg5+ f6 17. Bh4 Ra8 18. Qe3 g5 19. Nxg5 fxg5 20. Qxg5+ Kf7 21. Qe7+ Kg6 22. Rxd6+ 1-0


[Site "https://www.chess.com"]

[Event "Titled Tuesday Blitz July 4 Late 2023"]
[White "Rodriguez Santiago, Jaime"]
[Black "Uzcategui Rodriguez, Alejandro"]
[WhiteFideId "3100898"]
[BlackFideId "3903400"]
[WhiteElo "2321"]
[BlackElo "2447"]
[Result "0-1"]
[Round "6"]
[TimeControl "180+2"]
[Date "2023.07.04"]
[WhiteClock "0:00:08"]
[BlackClock "0:00:13"]
[Board "113"]

1. c4 Nf6 2. g3 d6 3. Bg2 e5 4. Nc3 Be7 5. e4 O-O 6. d3 Nbd7 7. Nge2 c6 8. O-O a5 9. h3 Re8 10. Be3 Nc5 11. f4 Bf8 12. f5 Rb8 13. a4 h6 14. g4 Nh7 15. Qd2 Be7 16. Rae1 Bg5 17. Bxg5 Qxg5 18. Qxg5 hxg5 19. d4 Nd3 20. Rb1 Nf6 21. Rfd1 Nf4 22. Nxf4 gxf4 23. Bf3 b6 24. b4 Ba6 25. b5 cxb5 26. cxb5 Bb7 27. dxe5 dxe5 28. g5 Nh7 29. h4 Red8 30. Kf2 Nf8 31. Nd5 Bxd5 32. exd5 Rd6 33. Rbc1 Rbd8 34. Rc7 Nd7 35. Rdc1 Kf8 36. R7c6 Nc5 37. h5 Nd3+ 38. Ke2 Nxc1+ 39. Rxc1 Ke7 40. Kd3 f6 41. g6 Kd7 42. Ke4 Rc8 43. Rc6 Rdxc6 44. dxc6+ Kd6 45. Be2 Rh8 46. Kf3 Kd5 47. Kg4 Ke4 48. Bc4 f3 49. c7 f2 50. Kg3 Ke3 51. Kg2 Rc8 52. h6 Rxc7 53. h7 Rxc4 54. h8=Q Rg4+ 55. Kh2 f1=Q 56. Qh3+ Qxh3+ 57. Kxh3 Rg5 58. Kh4 Kf4 59. Kh3 Kxf5 60. Kh4 Kxg6 61. Kh3 Kf5 62. Kh4 Ke4 63. Kh3 Kd4 64. Kh4 Kc4 65. Kh3 Kb4 66. Kh4 Kxa4 67. Kh3 Kxb5 0-1


[Site "https://www.chess.com"]

[Event "Titled Tuesday Blitz July 4 Late 2023"]
[White "Nunez V, Gustavo Eduardo"]
[Black "Dylag, Emilia"]
[WhiteFideId "4403690"]
[BlackFideId "21805172"]
[WhiteElo "2447"]
[BlackElo "2314"]
[Result "1-0"]
[Round "6"]
[TimeControl "180+2"]
[Date "2023.07.04"]
[WhiteClock "0:02:10"]
[BlackClock "0:00:00"]
[Board "114"]

1. e4 e5 2. Nc3 Nf6 3. g3 d5 4. Bg2 d4 5. Nce2 c5 6. d3 Nc6 7. f4 Be7 8. h3 h5 9. Nf3 exf4 10. Bxf4 Be6 11. O-O Qd7 12. Ng5 O-O-O 13. Nxe6 Qxe6 14. a3 Nd7 15. c3 g5 16. Bd2 dxc3 17. Bxc3 Nde5 18. Qa4 Nxd3 19. Bxh8 Rxh8 20. Qc2 Nde5 21. Rf5 g4 22. h4 c4 23. Rd1 Bc5+ 24. Kh2 f6 25. Rd5 Bb6 26. Nf4 Qe7 27. b3 Nd4 28. Rxd4 Bxd4 29. Rxe5 fxe5 30. Ng6 Qf6 31. Qxc4+ Kb8 32. Nxh8 Qxh8 33. Qf7 Qc8 34. Qxh5 Qc1 35. Qxg4 Qg1+ 36. Kh3 1-0


[Site "https://www.chess.com"]

[Event "Titled Tuesday Blitz July 4 Late 2023"]
[White "Antonio, Jorge Carlos"]
[Black "Balla, Tamas-Kristof"]
[WhiteFideId "113190"]
[BlackFideId "1208497"]
[WhiteElo "2299"]
[BlackElo "2444"]
[Result "0-1"]
[Round "6"]
[TimeControl "180+2"]
[Date "2023.07.04"]
[WhiteClock "0:00:06"]
[BlackClock "0:00:29"]
[Board "115"]

1. d4 d5 2. Nf3 Nf6 3. Bf4 e6 4. e3 Bd6 5. Ne5 O-O 6. Nd2 c5 7. c3 b6 8. Bd3 Ba6 9. Bxa6 Nxa6 10. O-O Nb8 11. Ndf3 Qc7 12. h3 Nc6 13. Rc1 Nd7 14. Nxd7 Qxd7 15. Bxd6 Qxd6 16. Re1 e5 17. dxe5 Nxe5 18. Nxe5 Qxe5 19. Qf3 Rad8 20. Rcd1 Rfe8 21. Qg4 h6 22. Qa4 Re7 23. Re2 d4 24. cxd4 cxd4 25. Red2 d3 26. Rxd3 Rxd3 27. Rxd3 Qxb2 28. Rd8+ Kh7 29. Qf4 Qa1+ 30. Kh2 Qe5 31. Qxe5 Rxe5 32. Rd7 Ra5 33. Rd2 Ra3 34. Kg3 Kg6 35. Kf4 Kf6 36. Ke4 Ke6 37. Kd4 a6 38. Rb2 b5 39. Kc5 Ke5 40. Kb6 g5 41. Kc6 f5 42. Kd7 h5 43. Ke7 g4 44. h4 g3 45. f4+ Ke4 46. Ke6 Kxe3 47. Kxf5 Ra4 48. Rb3+ Kf2 49. Kg5 Kxg2 50. f5 Rxa2 51. f6 Kh2 52. Rf3 Rf2 53. Kf4 Rxf3+ 54. Kxf3 g2 55. f7 g1=Q 56. Ke4 Qf1 0-1


[Site "https://www.chess.com"]

[Event "Titled Tuesday Blitz July 4 Late 2023"]
[White "Vaglio Munoz, Jaime"]
[Black "szachmistrz2500"]
[WhiteFideId "6500145"]
[WhiteElo "2307"]
[BlackElo "2438"]
[Result "0-1"]
[Round "6"]
[TimeControl "180+2"]
[Date "2023.07.04"]
[WhiteClock "0:00:00"]
[BlackClock "0:00:34"]
[Board "116"]

1. Nf3 c5 2. c4 Nc6 3. b3 e5 4. d3 g6 5. Bb2 Bg7 6. g3 Nge7 7. Bg2 O-O 8. Nc3 d6 9. O-O a6 10. e3 Rb8 11. a4 Qb6 12. Nd2 Be6 13. Nd5 Qd8 14. f4 f5 15. fxe5 dxe5 16. e4 Nb4 17. Nb1 Nec6 18. Nxb4 cxb4 19. Re1 Qd6 20. exf5 gxf5 21. d4 exd4 22. Rxe6 Qc5 23. Bf3 d3+ 24. Kg2 Bxb2 25. Ra2 Bg7 26. Qxd3 Rbd8 27. Bd5 Kh8 28. Rae2 Nd4 29. Nd2 b5 30. axb5 axb5 31. Nf3 Nxe2 32. Qxe2 Rxd5 33. cxd5 Qxd5 34. Kh3 f4 35. g4 Qxb3 36. Kh4 Qd5 37. g5 b3 38. Rb6 b2 39. Rxb5 Qa2 40. Qc2 Qa3 41. Rb3 Qa8 42. Kg4 Qc8+ 43. Qxc8 Rxc8 44. Nd2 Kg8 45. Kxf4 Rc2 0-1


[Site "https://www.chess.com"]

[Event "Titled Tuesday Blitz July 4 Late 2023"]
[White "Carrasco Miranda, Andres"]
[Black "Hoffmann, Asa"]
[WhiteFideId "3405990"]
[BlackFideId "2001470"]
[WhiteElo "2400"]
[BlackElo "2436"]
[Result "1-0"]
[Round "6"]
[TimeControl "180+2"]
[Date "2023.07.04"]
[WhiteClock "0:00:19"]
[BlackClock "0:00:11"]
[Board "117"]

1. d4 Nf6 2. c4 c6 3. Nf3 d6 4. Nc3 Bf5 5. g3 h6 6. Bg2 Nbd7 7. O-O e5 8. Re1 Be7 9. e4 Bh7 10. d5 Nc5 11. Nh4 cxd5 12. cxd5 a5 13. Nf5 Bxf5 14. exf5 O-O 15. Be3 Nfd7 16. h4 a4 17. Rc1 Qa5 18. Qe2 Rfc8 19. a3 Bd8 20. Rcd1 Bb6 21. g4 Nb3 22. g5 hxg5 23. hxg5 Bxe3 24. Qxe3 Nd4 25. Qh3 Nf8 26. Ne4 Qd8 27. f6 Qd7 28. Qh5 Qf5 29. fxg7 Kxg7 30. Qh6+ Kg8 31. Nf6+ Qxf6 32. gxf6 Nf5 33. Qg5+ Ng6 34. Qxf5 Rc4 35. Re4 Rac8 36. Qh3 Kf8 37. Rxc4 Rxc4 38. Be4 Ke8 39. Bxg6 fxg6 40. Qe6+ Kd8 41. Qxd6+ Kc8 42. Qe6+ Kb8 43. f7 Rf4 44. Qe8+ Ka7 45. f8=Q Rxf8 46. Qxf8 e4 47. Qc5+ b6 48. Qc7+ Ka6 49. d6 e3 50. fxe3 g5 51. d7 g4 52. d8=Q g3 53. Qxb6# 1-0


[Site "https://www.chess.com"]

[Event "Titled Tuesday Blitz July 4 Late 2023"]
[White "KorolDimitriy75"]
[Black "Clawitter, Craig"]
[BlackFideId "2023105"]
[WhiteElo "2426"]
[BlackElo "2256"]
[Result "1-0"]
[Round "6"]
[TimeControl "180+2"]
[Date "2023.07.04"]
[WhiteClock "0:00:11"]
[BlackClock "0:00:08"]
[Board "118"]

1. d4 e6 2. c4 Nf6 3. Nc3 d5 4. Bg5 dxc4 5. e4 b5 6. e5 h6 7. Bh4 g5 8. exf6 gxh4 9. Nxb5 c5 10. Nf3 Qa5+ 11. Nc3 Nc6 12. Bxc4 cxd4 13. Bb5 Bd7 14. Nxd4 Rc8 15. Bxc6 Bxc6 16. Nxc6 Rxc6 17. O-O Bb4 18. Qf3 Rc8 19. Ne4 Qf5 20. Qe2 Rg8 21. a3 Bf8 22. Rac1 Rxc1 23. Rxc1 Qg4 24. Qb5+ Kd8 25. Qb8+ Kd7 26. Qc7+ Ke8 27. Qc8# 1-0


[Site "https://www.chess.com"]

[Event "Titled Tuesday Blitz July 4 Late 2023"]
[White "Pein, Jonathan"]
[Black "Kovacevic, Radmila"]
[WhiteFideId "417092"]
[BlackFideId "933171"]
[WhiteElo "2422"]
[BlackElo "2244"]
[Result "1-0"]
[Round "6"]
[TimeControl "180+2"]
[Date "2023.07.04"]
[WhiteClock "0:01:29"]
[BlackClock "0:00:16"]
[Board "119"]

1. d4 e5 2. dxe5 Nc6 3. Nf3 Qe7 4. Bf4 Qb4+ 5. Bd2 Qxb2 6. Nc3 Bb4 7. Rb1 Qxc3 8. Bxc3 Bxc3+ 9. Nd2 Bxe5 10. e3 Nf6 11. Bd3 Bc3 12. O-O d5 13. e4 d4 14. e5 Nd5 15. Ne4 O-O 16. Nxc3 Nxc3 17. Qh5 g6 18. Qg5 Nxb1 19. Rxb1 Re8 20. f4 Ne7 21. h4 b6 22. Be4 c6 23. h5 Bf5 24. Bxf5 Nxf5 25. g4 Ne3 26. h6 Re6 27. f5 f6 28. exf6 Re5 29. f7+ Kf8 30. Qf6 Rxf5 31. gxf5 Nxf5 32. Qh8+ Kxf7 33. Qxa8 c5 34. Qxa7+ Kf6 35. Qxh7 Kg5 36. Rf1 Nxh6 37. Qe7+ Kh5 38. Qc7 Ng4 39. Qxb6 Ne3 40. Qxc5+ g5 41. Qxd4 Ng4 42. Qxg4+ Kxg4 43. c4 1-0


[Site "https://www.chess.com"]

[Event "Titled Tuesday Blitz July 4 Late 2023"]
[White "Schachpanda_Youtube"]
[Black "Kielinkei"]
[WhiteElo "2227"]
[BlackElo "2421"]
[Result "0-1"]
[Round "6"]
[TimeControl "180+2"]
[Date "2023.07.04"]
[WhiteClock "0:00:00"]
[BlackClock "0:00:29"]
[Board "120"]

1. e4 d6 2. d4 Nf6 3. Nc3 Nbd7 4. Nf3 e5 5. Be3 Be7 6. h3 O-O 7. Qd2 c6 8. g4 b5 9. g5 b4 10. gxf6 bxc3 11. Qxc3 Bxf6 12. O-O-O Rb8 13. Rg1 Qe7 14. h4 c5 15. d5 Nb6 16. b3 Bd7 17. h5 a5 18. h6 g6 19. Ng5 a4 20. Bh3 axb3 21. axb3 c4 22. Bxd7 Qxd7 23. bxc4 Na4 24. Qa3 Rfc8 0-1


[Site "https://www.chess.com"]